 Dungeon Crawl Stone Soup version 0.29-a0-838-g385bb11a5b (webtiles) character file.

Game seed: 13014405396927202637

357 hquester1 the Ruffian (level 6, 0/62 HPs)
             Began as a Troll Berserker on July 13, 2022.
             Was a Priest of Trog.
             Slain by Crazy Yiuf
             ... wielding a +3 quarterstaff of chaos
              (3 damage)
             ... on level 4 of the Dungeon.
             The game lasted 00:08:23 (2649 turns).

hquester1 the Ruffian (Troll Berserker)             Turns: 2649, Time: 00:08:24

Health: 0/62       AC:  5    Str: 26    XL:     6   Next: 37%
Magic:  5/5        EV: 10    Int:  3    God:    Trog [***...]
Gold:   192        SH:  0    Dex: 11    Spells: 5/5 levels left

rFire   . . .      SeeInvis .     - Unarmed
rCold   . . .      Faith    .   (no shield)
rNeg    . . .      Spirit   .   a - +0 animal skin
rPois   .          Reflect  .   (helmet restricted)
rElec   .          Harm     .   o - +0 cloak
rCorr   .          Rampage  .   (gloves unavailable)
Will    .....                   (boots unavailable)
Stlth   +.........              (no amulet)
HPRegen 1.00/turn               (no ring)
MPRegen 0.09/turn               (no ring)

@: no status effects
A: large, unfitting armour, claws 3, regeneration 1, shaggy fur 1, tough skin 1
a: Renounce Religion, Berserk, Trog's Hand


You were on level 4 of the Dungeon.
You worshipped Trog.
Trog was most pleased with you.
You visited 1 branch of the dungeon, and saw 4 of its levels.

You collected 192 gold pieces.

Inventory:

Hand Weapons
 t - a +2 vorpal mace
Missiles
 c - 49 stones (quivered)
Armour
 a - a +0 animal skin (worn)
 o - a +0 cloak (worn)
Scrolls
 d - a scroll of enchant weapon {unknown}
 e - 2 scrolls of poison {unknown}
 f - 6 scrolls of identify
 g - a scroll of blinking {unknown}
 h - 2 scrolls of torment {unknown}
 i - 4 scrolls of teleportation {unknown}
 j - 3 scrolls of amnesia {unknown}
 r - a scroll of fear {unknown}
Potions
 b - 2 potions of mutation
 k - 2 potions of curing
 l - a potion of lignification
 m - a potion of resistance
 n - a potion of haste
 q - a potion of flight {unknown}


   Skills:
 * Level 3.8 Fighting
 + Level 0.1 Maces & Flails
 + Level 2.1 Throwing
 + Level 2.0 Armour
 + Level 3.3 Dodging
 + Level 4.0 Unarmed Combat


You had 5 spell levels left.
You didn't know any spells.
Your spell library was empty.

Dungeon Overview and Level Annotations

Branches:
Dungeon (4/15)
 Temple: D:4-7

Altars:

Shops:
D:1 *

Annotations:
D:4 Crazy Yiuf


Innate Abilities, Weirdness & Mutations

You are too large for most types of armour.
You have claws for hands.
Your natural rate of healing is unusually fast.
You are covered in fur. (AC +1)
You have tough skin. (AC +1)


Message History

a +0 spear; a gnoll corpse You see here a +0 halberd.
You see here a +0 halberd.
You see here a +0 halberd.
HP restored.
Found a hammer.
Found a runed translucent door.
Crazy Yiuf shouts!
Crazy Yiuf screams, "Buddy agre cower!"
You open the door.
Crazy Yiuf laughs, "Shower!
Nubble illywillydillykilly return to song."
You claw Crazy Yiuf!
Crazy Yiuf is moderately wounded.
Crazy Yiuf hits you with a +3 quarterstaff of chaos.
You scratch Crazy Yiuf but do no damage.
Crazy Yiuf is moderately wounded.
Crazy Yiuf hits you with a +3 quarterstaff of chaos!
Crazy Yiuf freezes you.
You closely miss Crazy Yiuf.
Crazy Yiuf is moderately wounded.
Crazy Yiuf hits you with a +3 quarterstaff of chaos!
You are poisoned.
You scratch Crazy Yiuf but do no damage.
You claw Crazy Yiuf, but do no damage.
Crazy Yiuf is moderately wounded.
You feel very sick.
Crazy Yiuf hits you with a +3 quarterstaff of chaos!
* * * LOW HITPOINT WARNING * * *
Crazy Yiuf freezes you.
* * * LOW HITPOINT WARNING * * *
You feel better.
Crazy Yiuf hits you with a +3 quarterstaff of chaos.
* * * LOW HITPOINT WARNING * * *
Crazy Yiuf freezes you.
* * * LOW HITPOINT WARNING * * *
You claw Crazy Yiuf!
Crazy Yiuf is almost dead.
Crazy Yiuf hits you with a +3 quarterstaff of chaos.
* * * LOW HITPOINT WARNING * * *
Space warps around you.
You die...

########♣♣♣♣♣
#....#....♣.♣♣♣ ###
#..........♣..♣#...#
#.........♣♣♣♣@g...#
###..))....♣♣
♣♣#..)# ..##'#).##♣♣
### .....#).#
.....#..#
.....#..### ######
.....#.[).+ .....#
....##....##.....#
....#..)...#.....##


You could see Crazy Yiuf.

Vanquished Creatures
  A phantom (D:4)
  An orc priest (D:4)
  An iguana (D:4)
  An orc wizard (D:4)
  5 gnolls
  6 adders
  7 dart slugs
  8 orcs
  13 ball pythons
  3 bats
  3 endoplasms
  2 giant cockroaches
  4 goblins
  8 hobgoblins
  2 jackals (D:2)
  8 kobolds
  9 quokkas
  3 frilled lizards
  2 rats (D:3)
87 creatures vanquished.

Vanquished Creatures (others)
  12 plants (D:3)
12 creatures vanquished.

Grand Total: 99 creatures vanquished

Notes
Turn   | Place    | Note
-------+----------+-------------------------------------------
     0 | D:1      | hquester1 the Troll Berserker began the quest for the Orb.
     0 | D:1      | Reached XP level 1. HP: 22/22 MP: 0/0
   103 | D:1      | Found Ojomn's General Store.
   362 | D:1      | Reached XP level 2. HP: 29/29 MP: 1/1
   900 | D:2      | Reached XP level 3. HP: 36/36 MP: 2/2
   928 | D:2      | Reached ** piety under Trog
  1025 | D:2      | Reached skill level 1 in Throwing
  1156 | D:2      | Reached skill level 1 in Armour
  1320 | D:2      | Found a faded altar of an unknown god.
  1474 | D:3      | Reached XP level 4. HP: 37/44 MP: 3/3
  2261 | D:4      | Reached XP level 5. HP: 53/53 MP: 4/4
  2479 | D:4      | Noticed a phantom
  2483 | D:4      | Killed a phantom
  2483 | D:4      | Reached *** piety under Trog
  2545 | D:4      | Reached XP level 6. HP: 58/62 MP: 5/5
  2593 | D:4      | Reached skill level 4 in Unarmed Combat
  2639 | D:4      | Found a runed translucent door.
  2640 | D:4      | Noticed Crazy Yiuf
  2647 | D:4      | HP: 2/62 [Crazy Yiuf/+3 quarterstaff of chaos (5)]
  2649 | D:4      | Slain by Crazy Yiuf

Illustrated notes

Levels and vault maps discovered:
D:1:      saegor_arrival_simple_c, layout_basic, serial_shops,
          nicolae_shop_waterfront
D:2:      layout_rooms, shapermc_ecumenical_altar_mp_vishouse
D:3:      minmay_recursive_quarters, layout_basic, minivault_26,
          minmay_misc_feat_tiny, serial_bayou_lagoon_a, minmay_snake_closets
D:4:      minmay_angry_zag, layout_gridville, gammafunk_ghost_smash,
          wad_orctagon, uniq_crazy_yiuf_cottage

Skill      XL: |  1  2  3  4  5  6 |
---------------+-------------------+-----
Throwing       | 1 2 |  2.1
Armour         | 1 2 |  2.0
Fighting       | 3 |  3.8
Dodging        | 3 |  3.3
Unarmed Combat | 4 |  4.0
Maces & Flails | |  0.1

Action                   |  1- 3 |  4- 6 || total
-------------------------+-------+-------++-------
Melee: Unarmed           |    95 |   122 ||   217
       Punch             |     1 |     3 ||     4
  Use: Scroll            |       |     5 ||     5
       Potion            |       |     1 ||     1
 Stab: Sleeping          |     2 |     2 ||     4
Armor: Animal skin       |    30 |    26 ||    56
Dodge: Dodged            |    39 |    47 ||    86

Table legend: (Time is in decaauts)
 A = Elapsed time spent in this place.
 B = Non-inter-level travel time spent in this place.
 C = Inter-level travel time spent in this place.
 D = Time resting spent in this place.
 E = Time spent auto-exploring this place.
 F = Levels seen in this place.
 G = Mean time per level.
                   A        B        C        D        E       F      G
               +--------+--------+--------+--------+--------+-----+--------+
         Total |   2639 |   2556 |     83 |      0 |   1758 |   4 |  659.8 |
       Dungeon |   2639 |   2556 |     83 |      0 |   1758 |   4 |  659.8 |
               +--------+--------+--------+--------+--------+-----+--------+

Top non-repeatable levels by time:
     D:1: 847 daAuts
     D:3: 769 daAuts
     D:2: 512 daAuts
     D:4: 509 daAuts
